[Event "Team 45 45 League T58"]
[Site "Internet Chess Club"]
[Date "2013.09.28"]
[Round "6"]
[White "palm47"]
[Black "oldway"]
[Result "0-1"]
[WhiteElo "1620"]
[BlackElo "1626"]
[Opening "Réti: King's Indian attack (Barcza system)"]
[ECO "A07"]
[Time "11:08:18"]
[TimeControl "2700+45"]

1. g3 d5 2. Nf3 c6 3. Bg2 Nf6 4. O-O Bf5 5. d3 Nbd7 6. Nbd2 e5 7. Re1 Bc5 8. e4
dxe4 9. Nxe4 Bxe4 10. dxe4 O-O 11. Be3 Bxe3 12. fxe3 Re8 13. Nd2 Qb6 14. Nc4 Qb4
15. b3 Nb6 16. a3 Qe7 17. Qd6 Nxc4 18. Qxe7 Rxe7 19. bxc4 Rd8 20. Rad1 Rxd1 21.
Rxd1 Rd7 22. Rxd7 Nxd7 23. Bf3 Nc5 24. h4 Kf8 25. g4 Ke7 26. Bg2 Kd6 27. h5 Nd7
28. Bf1 Nf6 29. Be2 Nxe4 30. Bd3 Nf6 31. Be2 h6 32. Kg2 Ne4 33. Bd3 Nd2 34. a4
Kc5 35. Kf2 Nxc4 {White resigns} 0-1

[Event "Team 45 45 League T58"]
[Site "Internet Chess Club"]
[Date "2013.09.28"]
[Round "6"]
[White "werty"]
[Black "Nxs123"]
[Result "0-1"]
[WhiteElo "1555"]
[BlackElo "1558"]
[Opening "French: Winawer, advance variation"]
[ECO "C16"]
[Time "14:50:23"]
[TimeControl "2700+45"]

1. e4 e6 2. d4 d5 3. Nc3 Bb4 4. e5 Ne7 5. Bd2 O-O 6. Bd3 Nbc6 7. a3 Ba5 8. h4
Nxd4 9. Nf3 Nef5 10. g4 Nxf3+ 11. Qxf3 Nd4 12. Qg3 c5 13. O-O-O c4 14. Bg5 Qc7
15. Bxh7+ Kxh7 16. Rxd4 Bxc3 17. Qxc3 Qxe5 18. Qe3 Qxe3+ 19. Bxe3 Rh8 20. g5 Kg8
21. Rg4 g6 22. Bd4 e5 {White resigns} 0-1

[Event "Team 45 45 League T58"]
[Site "Internet Chess Club"]
[Date "2013.09.28"]
[Round "6"]
[White "g8wrb"]
[Black "SirIvanhoe"]
[Result "0-1"]
[WhiteElo "1414"]
[BlackElo "1504"]
[Opening "Caro-Kann: classical, 6.h4"]
[ECO "B18"]
[Time "16:01:15"]
[TimeControl "2700+45"]

1. e4 c6 2. d4 d5 3. Nc3 dxe4 4. Nxe4 Bf5 5. Ng3 Bg6 6. h4 h6 7. h5 Bh7 8. Nf3
Nd7 9. Bd3 Bxd3 10. Qxd3 e6 11. Bd2 Ngf6 12. O-O-O c5 13. Be3 Nd5 14. Bd2 cxd4
15. Nxd4 Be7 16. f4 O-O 17. Ne4 Nc5 18. Nxc5 Bxc5 19. g4 Nb4 20. Bxb4 Bxb4 21.
Qb3 Qb6 22. g5 Rfd8 23. c3 Bc5 24. Nf3 Qxb3 25. axb3 Be3+ 26. Kc2 Bxf4 27. gxh6
Bxh6 28. Nd4 a6 29. c4 Kf8 30. Rhf1 Kg8 31. Kb1 Rd6 32. Kc2 Rad8 33. Nf3 Rxd1
34. Rxd1 Rxd1 35. Kxd1 Bf4 36. b4 Kh7 37. b3 e5 38. Ke2 Kh6 39. Nh4 g6 40. hxg6
fxg6 41. Kd3 Kh5 42. Ng2 g5 43. Ke4 Kg4 44. Ne1 Kg3 45. Nd3 g4 46. Nc5 Kh2 47.
Nd3 g3 48. Nxf4 exf4 {White resigns} 0-1

[Event "Team 45 45 League T58"]
[Site "Internet Chess Club"]
[Date "2013.09.28"]
[Round "6"]
[White "Gilguli"]
[Black "guyd52"]
[Result "1-0"]
[WhiteElo "1445"]
[BlackElo "1356"]
[Opening "Queen's pawn game"]
[ECO "D02"]
[Time "07:30:31"]
[TimeControl "2700+45"]

1. d4 d5 2. Nf3 g6 3. c4 c6 4. cxd5 cxd5 5. Nc3 Nf6 6. h3 Bg7 7. Bf4 Nbd7 8. e3
Nh5 9. Bh2 a6 10. Bd3 e6 11. O-O O-O 12. Rc1 b5 13. Rc2 Nb6 14. Qe2 Qe7 15. Rfc1
Nc4 16. Bxc4 dxc4 17. Ne4 Bb7 18. Bd6 Qd8 19. Bxf8 Bxe4 20. Bxg7 Bxc2 21. Be5
Bd3 22. Qd2 Qd5 23. Ne1 f6 24. Nxd3 cxd3 25. Bh2 Qxa2 26. g4 Ng7 27. Rc3 Qa5 28.
Kg2 Re8 29. Qxd3 Qd8 30. Qc2 Qd5+ 31. f3 f5 32. Rc5 Qb7 33. Rc7 Qd5 34. Be5 fxg4
35. Rxg7+ Kf8 36. Qc5+ Qxc5 37. dxc5 gxf3+ 38. Kxf3 Rc8 39. Rc7 Rd8 40. Rxh7 Rd5
41. Bd6+ Ke8 42. Ra7 Rd2 43. Rxa6 Rxb2 44. c6 Rc2 45. Ra8+ Kf7 46. c7 Rxc7 47.
Bxc7 Kf6 48. Kf4 g5+ 49. Kg4 Kg6 50. Rg8+ Kf7 51. Rxg5 Ke7 52. Rxb5 Kf6 53. h4
Kg6 54. h5+ Kh6 55. Bf4+ Kh7 56. Kg5 Kg7 57. h6+ Kh7 58. Rb7+ Kg8 59. h7+ Kh8
60. Be5# {Black checkmated} 1-0

[Event "Team 45 45 League T58"]
[Site "Internet Chess Club"]
[Date "2013.09.26"]
[Round "6"]
[White "JohLeb"]
[Black "dabodhi"]
[Result "1/2-1/2"]
[WhiteElo "1372"]
[BlackElo "1367"]
[Opening "QGD: 4.Nf3"]
[ECO "D37"]
[Time "15:00:42"]
[TimeControl "2700+45"]

1. d4 Nf6 2. c4 e6 3. Nc3 d5 4. Nf3 Be7 5. e3 Nc6 6. cxd5 exd5 7. a3 Bf5 8. Bb5
Qd6 9. Ne5 O-O 10. Bxc6 bxc6 11. O-O Ne4 12. Na4 f6 13. Nd3 Rab8 14. Nac5 Nxc5
15. Nxc5 Rb6 16. b4 Ra8 17. Bd2 Qd8 18. Re1 Bxc5 19. bxc5 Rb5 20. f3 Qe8 21. g4
Bd3 22. Bb4 Bc4 23. e4 Qf7 24. e5 fxe5 25. Rxe5 a5 26. Bd2 Rb3 27. Rf5 Qe6 28.
Re5 Qd7 29. f4 Rd3 30. Qe1 Qxg4+ 31. Kh1 Qf3+ 32. Kg1 Qg4+ 33. Kh1 Qf3+ 34. Kg1
Qg4+ 35. Kh1 Qf3+ 36. Kg1 Qg4+ 37. Kh1 Qf3+ {Game drawn by repetition} 1/2-1/2

[Event "Team 45 45 League T58"]
[Site "Internet Chess Club"]
[Date "2013.10.01"]
[Round "6"]
[White "drsigmund1"]
[Black "calsal"]
[Result "0-1"]
[WhiteElo "1621"]
[BlackElo "1682"]
[Opening "King's Indian: London system"]
[ECO "A48"]
[Time "17:08:39"]
[TimeControl "2700+45"]

1. d4 Nf6 2. Nf3 g6 3. Bf4 Bg7 4. e3 O-O 5. Be2 d6 6. h3 Nbd7 7. Nbd2 Re8 8. e4
e5 9. dxe5 dxe5 10. Be3 b6 11. b4 Bb7 12. Bd3 Nh5 13. g3 f5 14. Bg5 Ndf6 15.
exf5 e4 16. Nxe4 Bxe4 17. Bc4+ Bd5+ 18. Be2 Bxf3 19. Qxd8 {White resigns} 0-1

[Event "Team 45 45 League T58"]
[Site "Internet Chess Club"]
[Date "2013.09.28"]
[Round "6"]
[White "JeffH"]
[Black "monkhammer"]
[Result "1-0"]
[WhiteElo "1538"]
[BlackElo "1666"]
[Opening "Ruy Lopez: open, 6.d4"]
[ECO "C80"]
[Time "10:01:38"]
[TimeControl "2700+45"]

1. e4 e5 2. Nf3 Nc6 3. Bb5 a6 4. Ba4 Nf6 5. O-O Nxe4 6. d4 d5 7. Nxe5 Bd7 8.
Nxd7 Qxd7 9. c3 Be7 10. Nd2 Nxd2 11. Bxd2 O-O 12. Re1 b5 13. Bc2 Rfe8 14. Qh5 g6
15. Qh6 Bf8 16. Qh4 Ne7 17. Bg5 Nf5 18. Qg4 Rad8 19. Bxd8 Rxd8 20. Bxf5 Qxf5 21.
Qxf5 gxf5 22. Re5 f4 23. Rae1 f6 24. Re8 Rd6 25. R1e6 Kf7 26. Rxd6 Bxd6 27. Ra8
c5 28. Rxa6 Be7 29. dxc5 Bxc5 30. Ra5 Ke6 31. Rxb5 Bf8 32. a4 {Black resigns}
1-0

[Event "Team 45 45 League T58"]
[Site "Internet Chess Club"]
[Date "2013.09.30"]
[Round "6"]
[White "otib2006"]
[Black "Ostap-Bender"]
[Result "0-1"]
[WhiteElo "1315"]
[BlackElo "1380"]
[Opening "Queen's pawn game"]
[ECO "D04"]
[Time "18:00:27"]
[TimeControl "2700+45"]

1. d4 d5 2. Nf3 Nf6 3. e3 c5 4. Bb5+ Bd7 5. Bxd7+ Qxd7 6. dxc5 Nc6 7. O-O e5 8.
Nbd2 Bxc5 9. b3 O-O 10. Bb2 Rfe8 11. a3 Rac8 12. b4 Bd6 13. b5 Na5 14. a4 Nc4
15. Nxc4 Rxc4 16. Nd2 Rc7 17. Rc1 Rec8 18. Nf3 Qf5 19. c3 Rc4 20. Nd2 Rh4 21.
Nf3 Rh5 22. Qe2 e4 23. h3 exf3 24. Qxf3 Qxf3 25. gxf3 Rxh3 26. Kg2 Rh2+ 27. Kg1
Rc4 28. f4 Rh5 29. Ra1 Ne4 30. f3 Nxc3 31. Bxc3 Rxc3 32. Rfc1 Rc4 33. Rxc4 dxc4
34. Rd1 Rh6 35. Rc1 Kf8 36. Rxc4 Ke7 37. Kg2 Kd7 38. Rd4 Ke6 39. Rc4 Rg6+ 40.
Kf2 h5 41. Rc8 h4 42. Re8+ Kd7 43. Rh8 Rh6 44. Rxh6 gxh6 45. Kg2 f5 46. Kh3 Be7
47. e4 fxe4 48. fxe4 h5 49. f5 Kd6 50. a5 Ke5 51. a6 bxa6 52. bxa6 Kxe4 53. Kg2
Kxf5 54. Kf3 Ke5 55. Ke3 Kd5 56. Kf3 Kc5 57. Kg2 Kb6 {White resigns} 0-1

[Event "Team 45 45 League T58"]
[Site "Internet Chess Club"]
[Date "2013.09.30"]
[Round "6"]
[White "stantheman59"]
[Black "Andaluz"]
[Result "1/2-1/2"]
[WhiteElo "1202"]
[BlackElo "1194"]
[Opening "Sicilian"]
[ECO "B55"]
[Time "13:01:43"]
[TimeControl "2700+45"]

1. e4 c5 2. Nf3 d6 3. d4 cxd4 4. Nxd4 Nf6 5. Bd3 e6 6. a3 Qb6 7. c3 Nc6 8. Nxc6
bxc6 9. b4 Be7 10. O-O O-O 11. Be3 Qc7 12. Nd2 a5 13. Qa4 Bb7 14. b5 cxb5 15.
Bxb5 Rfc8 16. Nc4 Bc6 17. Bxc6 Qxc6 18. Qxc6 Rxc6 19. e5 Rxc4 20. exf6 Bxf6 21.
Bd4 Bxd4 22. cxd4 Rxd4 23. Rfd1 Rxd1+ 24. Rxd1 d5 25. Kf1 Kf8 26. f4 Ke7 27. Ke2
Rc8 28. Rd2 Rc4 29. g3 a4 30. Kd3 Kd6 31. Rb2 Kc7 32. h4 h5 33. Rb5 g6 34. Ra5
Kb7 35. Rb5+ Kc7 36. Rb1 f6 37. f5 gxf5 38. Rb5 Re4 39. Ra5 Kb7 40. Rb5+ Kc7 41.
Ra5 Kb7 42. Rb5+ Kc7 43. Rc5+ Kd7 44. Ra5 e5 45. Ra7+ {Game drawn by mutual
agreement} 1/2-1/2

[Event "Team 45 45 League T58"]
[Site "Internet Chess Club"]
[Date "2013.09.26"]
[Round "6"]
[White "HematiteBrown"]
[Black "koni"]
[Result "1-0"]
[WhiteElo "2017"]
[BlackElo "1909"]
[Opening "Philidor: Improved Hanham variation"]
[ECO "B07"]
[Time "07:24:19"]
[TimeControl "2700+45"]

1. e4 d6 2. d4 Nf6 3. Nc3 e5 4. Nf3 Nbd7 5. Bc4 Be7 6. O-O O-O 7. a4 a5 8. Re1
c6 9. h3 Nb6 10. Bb3 Nfd7 11. Re3 exd4 12. Nxd4 Nc5 13. Ba2 Ncxa4 14. Nxa4 Nxa4
15. Qh5 Nb6 16. Rf3 d5 17. Bf4 Bf6 18. e5 g6 19. Rg3 Bg7 20. Bh6 Qe7 21. Re1 f5
22. Bxg7 Kxg7 23. e6 Qf6 24. c3 c5 25. Nb5 Bxe6 26. Nc7 Bg8 27. Nxa8 Nxa8 28.
Qd1 Nc7 29. Qa4 b6 30. Rge3 Rf7 31. Qd1 Rd7 32. Re5 b5 33. Qe2 Kh8 34. Qd2 b4
35. Qe2 c4 36. Bb1 b3 37. Re7 Rxe7 38. Qxe7 Qxe7 39. Rxe7 Nb5 40. Rb7 Nd6 41.
Ra7 Ne4 42. Bxe4 fxe4 43. Rxa5 Kg7 44. Ra6 Kh6 45. Rf6 Kg5 46. Rf8 Be6 47. Kf1
h5 48. Ke2 Bf5 49. Ke3 Kh6 50. Kd4 Kg5 51. Kxd5 Kf4 52. Kxc4 e3 53. fxe3+ Kxe3
54. Kxb3 Kf2 55. g4 {Black resigns} 1-0

[Event "Team 45 45 League T58"]
[Site "Internet Chess Club"]
[Date "2013.09.26"]
[Round "6"]
[White "calsal"]
[Black "Nathan-L"]
[Result "1/2-1/2"]
[WhiteElo "1668"]
[BlackElo "1798"]
[Opening "French: Réti (Spielmann) variation"]
[ECO "C00"]
[Time "18:05:57"]
[TimeControl "2700+45"]

1. e4 e6 2. b3 d5 3. Bb2 Nf6 4. e5 Nfd7 5. Qg4 c5 6. f4 Nc6 7. Nf3 d4 8. Na3 Nb4
9. c3 dxc3 10. dxc3 Nd5 11. Ng5 N7b6 12. Ne4 g6 13. c4 Nb4 14. Nf6+ Ke7 15. Qe2
Bg7 16. Ne4 Nd7 17. Nc2 Nxc2+ 18. Qxc2 Qc7 19. Be2 b6 20. O-O Bb7 21. Nd6 Bc6
22. Rad1 Rad8 23. Qd3 Nb8 24. Qh3 Na6 25. a3 Qb8 26. Bc3 Kf8 27. Rd3 Nc7 28. Be1
Ne8 29. Bh4 Rxd6 30. exd6 Nxd6 31. Rfd1 Bd4+ 32. Bf2 Nf5 33. Bg4 Bxf2+ 34. Kxf2
Qxf4+ 35. Kg1 Kg7 36. Bxf5 Qxf5 37. Qxf5 gxf5 38. Rd8 Rxd8 39. Rxd8 Be4 40. Rd7
Bc2 41. b4 cxb4 42. axb4 Bb3 43. c5 Kf6 44. c6 Ba4 45. Rd6 Ke7 46. c7 Bd7 47.
Rd3 a5 48. bxa5 bxa5 49. Ra3 Kd6 50. Rxa5 Kxc7 51. Ra3 Kd6 52. Rh3 Ke5 53. Rxh7
Kf6 54. Kf2 Bc6 55. Rh3 f4 56. Rc3 Be4 57. h4 e5 58. h5 Kg5 59. Rh3 Kh6 60. Rh1
f5 61. Rh2 Bd5 62. Rh1 Bf7 63. Rc1 Bxh5 64. Rc5 Kg5 65. Rxe5 Bg4 66. Rc5 Kh4 67.
Rc8 Kg5 68. Rc4 Bh5 69. Rc8 Bg4 70. Rh8 Kf6 71. Rb8 Kg5 {Game drawn by mutual
agreement} 1/2-1/2

[Event "Team 45 45 League T58"]
[Site "Internet Chess Club"]
[Date "2013.09.30"]
[Round "6"]
[White "toukon"]
[Black "quale"]
[Result "0-1"]
[WhiteElo "1714"]
[BlackElo "1775"]
[Opening "QGD: Chigorin defense"]
[ECO "D07"]
[Time "19:30:58"]
[TimeControl "2700+45"]

1. d4 d5 2. c4 Nc6 3. Nf3 Bg4 4. Nc3 e6 5. Bg5 Be7 6. cxd5 Bxf3 7. Bxe7 Ngxe7 8.
gxf3 Nxd5 9. e3 a6 10. a3 Qg5 11. Ne4 Qh4 12. Qb3 Rb8 13. h3 O-O 14. Rg1 b5 15.
Rg3 Na5 16. Qd3 Nc4 17. Rg4 Qe7 18. Nc5 Nxb2 19. Qc2 Nc4 20. Bd3 f5 21. Rg2
Ncxe3 22. fxe3 Nxe3 23. Qf2 Nxg2+ 24. Qxg2 Qh4+ 25. Qf2 Qxh3 26. Nd7 Qh1+ 27.
Bf1 Qh6 28. Nxb8 Rxb8 29. Qe2 Qh4+ 30. Qf2 Qxf2+ 31. Kxf2 Rd8 32. Ke3 Kf7 33. a4
c6 34. axb5 axb5 35. Ra7+ Kf6 36. Rc7 Rd6 37. f4 h6 38. Bg2 b4 39. Bxc6 b3 40.
Bf3 Rb6 41. Rc1 b2 42. Rb1 g5 43. fxg5+ hxg5 44. Kd2 g4 45. Be2 g3 46. Bf3 Kg5
47. Ke3 Rb3+ 48. Ke2 Kf6 49. Bg2 e5 50. dxe5+ Kxe5 51. Ba8 f4 52. Bf3 Re3+ 53.
Kd1 Rxf3 54. Rxb2 Kf5 55. Rg2 Kg4 56. Ke2 Ra3 57. Rg1 f3+ {White resigns} 0-1

[Event "Team 45 45 League T58"]
[Site "Internet Chess Club"]
[Date "2013.10.05"]
[Round "6"]
[White "SlimeDog2"]
[Black "Muravey"]
[Result "0-1"]
[WhiteElo "2032"]
[BlackElo "2029"]
[Opening "Queen's gambit accepted"]
[ECO "D20"]
[Time "14:31:36"]
[TimeControl "2700+45"]

1. d4 d5 2. c4 dxc4 3. e3 e6 4. Bxc4 c5 5. Nf3 Nc6 6. Nc3 Nf6 7. O-O cxd4 8.
exd4 a6 9. Bb3 Be7 10. d5 exd5 11. Nxd5 Nxd5 12. Bxd5 O-O 13. Be3 Bf5 14. Rc1
Nb4 15. Bb3 Nd3 16. Rc2 Bf6 17. Qe2 Nxb2 18. Rxb2 Bd3 19. Rd1 Bxe2 20. Rxd8 Bxb2
{White resigns} 0-1

[Event "Team 45 45 League T58"]
[Site "Internet Chess Club"]
[Date "2013.09.28"]
[Round "6"]
[White "Constrictor"]
[Black "CKNIGHT3"]
[Result "0-1"]
[WhiteElo "1752"]
[BlackElo "1766"]
[Opening "QGD semi-Slav: 5.e3"]
[ECO "D45"]
[Time "12:01:56"]
[TimeControl "2700+45"]

1. Nf3 d5 2. d4 Nf6 3. c4 c6 4. Nc3 e6 5. e3 Bd6 6. Bd3 dxc4 7. Bxc4 b5 8. Bd3
a6 9. Ne4 Nxe4 10. Bxe4 Bb7 11. Bd2 Nd7 12. Rc1 Rc8 13. O-O Nf6 14. Bb1 c5 15.
dxc5 Bxc5 16. a3 O-O 17. Bb4 Bxb4 18. axb4 Rxc1 19. Qxc1 Bxf3 20. gxf3 Qd7 21.
Rd1 Rc8 22. Bc2 Qb7 23. Kg2 h6 24. Rd2 Nd5 25. Qd1 Qe7 26. Rd4 Nxb4 27. Bb3 Nc6
28. Rg4 h5 29. Rg3 h4 30. Rg4 Rd8 31. Qg1 Ne5 32. Re4 h3+ 33. Kxh3 Nxf3 34. Qg4
Ng5+ 35. Kg3 Nxe4+ 36. Qxe4 Qg5+ 37. Kf3 Rd2 38. Qa8+ Kh7 39. Qe4+ f5 40. Qxe6
Qg4# {White checkmated} 0-1

[Event "Team 45 45 League T58"]
[Site "Internet Chess Club"]
[Date "2013.09.28"]
[Round "6"]
[White "sharky123"]
[Black "Frankly"]
[Result "0-1"]
[WhiteElo "1689"]
[BlackElo "1777"]
[Opening "Sicilian: Canal-Sokolsky attack, 3...Bd7"]
[ECO "B52"]
[Time "15:01:07"]
[TimeControl "2700+45"]

1. e4 c5 2. Nf3 d6 3. Bb5+ Bd7 4. Bxd7+ Qxd7 5. O-O Nc6 6. c3 Nf6 7. Qe2 e6 8.
d4 Be7 9. Rd1 Qc7 10. Bf4 e5 11. dxe5 dxe5 12. Bg3 O-O 13. Na3 Nh5 14. Nb5 Nxg3
15. hxg3 Qb6 16. Rd7 Rad8 17. Rad1 Nd4 18. R1xd4 exd4 19. Rxe7 d3 20. Qd2 Qxb5
21. Re5 f6 22. Rh5 Qc6 23. Rh4 Rfe8 24. Ne1 Rxe4 25. Rxe4 Qxe4 26. Qd1 Qe2 27.
Qxe2 dxe2 28. f3 Rd2 29. Kf2 Rxb2 30. Nd3 Rxa2 31. Nxc5 b6 32. Nd3 e1=Q+ 33.
Kxe1 Rxg2 34. g4 Rc2 35. Nb4 Rxc3 36. Ke2 Kf7 37. Nd5 Rc5 38. Nf4 a5 39. Nd3 Rb5
40. Kd2 a4 41. Kc2 a3 42. Nc1 Rb2+ 43. Kc3 b5 44. Nb3 Rxb3+ 45. Kxb3 b4 46. f4
Ke6 47. f5+ Ke5 48. Ka2 Kf4 49. Kb3 Kxg4 50. Kxb4 a2 51. Kc5 Kxf5 52. Kd5 a1=Q
53. Kd6 h5 54. Ke7 h4 55. Kf7 h3 56. Kg8 h2 57. Kh7 h1=Q+ 58. Kg8 Qaa8+ 59. Kf7
Qh5+ 60. Ke7 Qe2+ 61. Kf7 Qe6+ 62. Kxg7 Qag8+ 63. Kh6 Qg6# {White checkmated}
0-1

[Event "Team 45 45 League T58"]
[Site "Internet Chess Club"]
[Date "2013.09.28"]
[Round "6"]
[White "ghostfire"]
[Black "jt2000"]
[Result "0-1"]
[WhiteElo "1712"]
[BlackElo "1888"]
[Opening "Sicilian: Najdorf, 6...e6"]
[ECO "B95"]
[Time "13:06:28"]
[TimeControl "2700+45"]

1. e4 c5 2. Nf3 d6 3. d4 cxd4 4. Nxd4 Nf6 5. Nc3 a6 6. Bg5 e6 7. Qf3 Be7 8.
O-O-O Qc7 9. Kb1 b5 10. Bd3 Bb7 11. Rhe1 Nbd7 12. Qg3 b4 13. Na4 Qa5 14. b3 Nh5
15. Qh3 Qxg5 16. Nxe6 fxe6 17. Qxe6 Qe5 18. Qh3 Nf4 {White resigns} 0-1

[Event "Team 45 45 League T58"]
[Site "Internet Chess Club"]
[Date "2013.10.03"]
[Round "6"]
[White "BigH"]
[Black "Deckfuel"]
[Result "1-0"]
[WhiteElo "2122"]
[BlackElo "1982"]
[Opening "Modern defense"]
[ECO "A40"]
[Time "13:24:01"]
[TimeControl "2700+45"]

1. d4 g6 2. Nf3 Bg7 3. Bf4 d6 4. e3 Nd7 5. h3 e5 6. Bh2 Qe7 7. Be2 Ngf6 8. O-O
O-O 9. c3 Re8 10. a4 Ne4 11. Nbd2 Nxd2 12. Qxd2 e4 13. Ne1 Nf6 14. Nc2 a5 15. b4
axb4 16. cxb4 Be6 17. b5 Nd5 18. Rfc1 c5 19. bxc6 bxc6 20. Nb4 Nxb4 21. Qxb4 c5
22. Qb6 cxd4 23. Bxd6 Qg5 24. Bf4 Qf6 25. Bb5 Red8 26. Bc7 dxe3 27. Qxe3 Rdc8
28. Bc6 Rxc7 29. Bxa8 Rxc1+ 30. Rxc1 Qb2 31. Bxe4 Bd4 32. Rb1 Qxb1+ 33. Bxb1
Bxe3 34. fxe3 Bd5 35. e4 Bc6 36. a5 Kf8 37. Kf2 Ke7 38. Ke3 Kd6 39. Kd4 f6 40.
Ba2 Bb7 41. Bc4 Kc7 42. h4 Kb8 43. g4 h6 44. e5 fxe5+ 45. Kxe5 Ka7 46. g5 hxg5
47. hxg5 Bf3 48. Bd3 Bd1 49. Kf6 Bh5 50. Bxg6 Be2 51. Bf7 Bd3 52. Be6 Ka6 53.
Bf5 Bc4 54. g6 Kxa5 55. g7 Bg8 56. Be6 Bh7 57. Kg5 {Black resigns} 1-0

[Event "Team 45 45 League T58"]
[Site "Internet Chess Club"]
[Date "2013.09.29"]
[Round "6"]
[White "Schachteufel"]
[Black "Riddick"]
[Result "0-1"]
[WhiteElo "1634"]
[BlackElo "1870"]
[Opening "Caro-Kann: advance variation"]
[ECO "B12"]
[Time "14:00:51"]
[TimeControl "2700+45"]

1. e4 c6 2. d4 d5 3. e5 Bf5 4. h4 h5 5. c4 dxc4 6. Bxc4 e6 7. Nc3 Ne7 8. Bg5 Qb6
9. Qd2 Nd5 10. a3 Nd7 11. Nge2 f6 12. exf6 N7xf6 13. Ng3 Bg6 14. Qe2 Kf7 15. O-O
Qxd4 16. Rad1 Qg4 17. Qe5 Nd7 18. Qe2 Qxe2 19. Bxe2 N7f6 20. Rfe1 Bc5 21. Bd3
Bxd3 22. Rxd3 Rae8 23. Nce4 Be7 24. Bxf6 gxf6 25. Rb3 b6 26. Rc1 c5 27. a4 f5
28. Nc3 Nxc3 29. Rbxc3 Bxh4 30. Ne2 Rd8 31. a5 Bg5 32. Ra1 Rd2 33. Ng3 Rxb2 34.
axb6 axb6 35. Ra7+ Kf6 36. Rd3 Rb1+ 37. Kh2 Bf4 38. Rdd7 h4 39. Rf7+ Ke5 40.
Rxf5+ exf5 41. Re7+ Kd6 42. Re6+ Kxe6 {White resigns} 0-1

[Event "Team 45 45 League T58"]
[Site "Internet Chess Club"]
[Date "2013.09.27"]
[Round "6"]
[White "Egmont"]
[Black "badmove"]
[Result "1-0"]
[WhiteElo "1783"]
[BlackElo "1635"]
[Opening "Ruy Lopez: exchange, Gligoric variation"]
[ECO "C69"]
[Time "09:07:46"]
[TimeControl "2700+45"]

1. e4 e5 2. Nf3 Nc6 3. Bb5 a6 4. Bxc6 dxc6 5. O-O f6 6. d4 Bg4 7. dxe5 Qxd1 8.
Rxd1 fxe5 9. Rd3 Bd6 10. Bg5 Ne7 11. Nbd2 Ng6 12. Nc4 O-O 13. Nxd6 Bxf3 14. gxf3
cxd6 15. Kg2 h6 16. Rxd6 Kh7 17. Be3 Nh4+ 18. Kh1 Rxf3 19. Rad1 Rh3 20. Rd8 Rxd8
21. Rxd8 g5 22. Rd7+ Kg6 23. Rxb7 Nf3 24. Kg2 g4 25. Rb6 Rxh2+ 26. Kg3 Kh5 27.
Rxc6 Rh3+ 28. Kg2 Rh2+ 29. Kf1 Rh1+ 30. Ke2 Ng5 31. Rxa6 Rh2 32. Kd3 Rh3 33. c4
Rf3 34. c5 Nh3 35. Rxh6# {Black checkmated} 1-0

[Event "Team 45 45 League T58"]
[Site "Internet Chess Club"]
[Date "2013.09.29"]
[Round "6"]
[White "pokerram"]
[Black "losscause"]
[Result "1/2-1/2"]
[WhiteElo "1687"]
[BlackElo "1586"]
[Opening "Caro-Kann: Steinitz variation"]
[ECO "B17"]
[Time "18:00:35"]
[TimeControl "2700+45"]

1. e4 c6 2. d4 d5 3. Nc3 dxe4 4. Nxe4 Nd7 5. Ng5 Ndf6 6. Bc4 e6 7. N1f3 h6 8.
Nh3 Bd6 9. Qe2 Ne7 10. Ne5 b5 11. Bd3 Bb7 12. Nf4 Bxe5 13. Qxe5 Qd7 14. O-O Rd8
15. c3 Qd6 16. Qxd6 Rxd6 17. Ne2 O-O 18. Bf4 Rd7 19. a4 a6 20. axb5 cxb5 21.
Rfe1 Nh5 22. Bg3 Nxg3 23. Nxg3 Rfd8 24. Ne4 Bxe4 25. Bxe4 Ra7 26. Bd3 Rb8 27.
Rec1 a5 28. Be4 Rc8 29. Bd3 Rb8 {Game drawn by mutual agreement} 1/2-1/2

[Event "Team 45 45 League T58"]
[Site "Internet Chess Club"]
[Date "2013.09.25"]
[Round "6"]
[White "Portola"]
[Black "justice02"]
[Result "1/2-1/2"]
[WhiteElo "1790"]
[BlackElo "1811"]
[Opening "Queen's pawn: London system"]
[ECO "A45"]
[Time "20:30:30"]
[TimeControl "2700+45"]

1. d4 Nf6 2. Bf4 Nh5 3. Bg3 Nxg3 4. hxg3 d5 5. e3 Qd6 6. c3 g6 7. Nf3 Bg7 8. Bd3
Bf5 9. Bxf5 gxf5 10. Qd3 e6 11. Nbd2 Nd7 12. Nb3 O-O-O 13. O-O-O h6 14. Kb1 Kb8
15. Nh4 Qb6 16. Qc2 Rc8 17. Nf3 c5 18. dxc5 Nxc5 19. Rh4 Ne4 20. Nfd4 Bf6 21.
Rh3 a5 22. a4 Rc4 23. f3 Nd6 24. Nd2 Rc7 25. Qb3 Qa6 26. Nb5 Nxb5 27. axb5 Qb6
28. c4 Rhc8 29. Rxh6 Bg5 30. Rh5 Bxe3 31. cxd5 Bxd2 32. Rxd2 Rc1+ 33. Ka2 Qg1
34. Qd3 Ra1+ 35. Kb3 Qc5 36. Rh4 {Game drawn by mutual agreement} 1/2-1/2

[Event "Team 45 45 League T58"]
[Site "Internet Chess Club"]
[Date "2013.09.27"]
[Round "6"]
[White "jps7"]
[Black "isolani"]
[Result "0-1"]
[WhiteElo "1678"]
[BlackElo "1645"]
[Opening "Queen's pawn: Yusupov-Rubinstein system"]
[ECO "A46"]
[Time "18:00:49"]
[TimeControl "2700+45"]

1. d4 Nf6 2. Nf3 e6 3. e3 c5 4. Bd3 Nc6 5. a3 Qc7 6. O-O Be7 7. c4 d5 8. cxd5
exd5 9. b3 Bg4 10. Nbd2 cxd4 11. Qc2 dxe3 12. fxe3 Qb6 13. Re1 O-O 14. h3 Be6
15. Bb2 Rac8 16. Qd1 Bc5 17. Qe2 Nh5 18. Kh2 Bd6+ 19. Kg1 Bg3 20. Red1 Nf4 21.
Qf1 Qxe3+ 22. Kh1 Nxd3 23. Nc4 dxc4 24. bxc4 Nf2+ 25. Kg1 {White resigns} 0-1

[Event "Team 45 45 League T58"]
[Site "Internet Chess Club"]
[Date "2013.09.29"]
[Round "6"]
[White "Sir-Sinister"]
[Black "minke"]
[Result "1-0"]
[WhiteElo "2049"]
[BlackElo "1927"]
[Opening "Dunst (Sleipner, Heinrichsen) opening"]
[ECO "A00"]
[Time "15:00:56"]
[TimeControl "2700+45"]

1. Nc3 d6 2. e4 g6 3. h4 h5 4. Bc4 Nf6 5. d3 Bg7 6. Bg5 Nbd7 7. Nf3 Nb6 8. Bb3
Bg4 9. Qd2 Nfd7 10. Nh2 Nf6 11. Nxg4 Nxg4 12. f3 Nf6 13. Qf4 e5 14. Qd2 Qd7 15.
a4 a5 16. O-O-O c6 17. Be3 Nc8 18. d4 exd4 19. Bxd4 Bh6 20. f4 Bg7 21. Kb1 O-O
22. f5 Kh7 23. Qg5 Ng4 24. Bxg7 Kxg7 25. Rhf1 Qd8 26. Qd2 Qxh4 27. fxg6 f6 28.
Ne2 Re8 29. Nd4 Kxg6 30. Ne6 Ra7 31. Qf4 Ne7 32. Qxd6 b5 33. Nf4+ Kg7 34. Rh1
Qf2 35. Nxh5+ Kg6 36. Rdf1 Qe3 37. Rxf6+ Kh7 38. Rf7+ Kh8 39. Nf6+ {Black
resigns} 1-0

[Event "Team 45 45 League T58"]
[Site "Internet Chess Club"]
[Date "2013.09.28"]
[Round "6"]
[White "chess09"]
[Black "elmaestro"]
[Result "1-0"]
[WhiteElo "2030"]
[BlackElo "1787"]
[Opening "Grünfeld: exchange, Spassky variation"]
[ECO "D87"]
[Time "23:04:05"]
[TimeControl "2700+45"]

1. d4 Nf6 2. c4 g6 3. Nc3 d5 4. cxd5 Nxd5 5. e4 Nxc3 6. bxc3 Bg7 7. Bc4 O-O 8.
Ne2 c5 9. O-O Nc6 10. Be3 Qc7 11. Rc1 b6 12. Qa4 Na5 13. Bd5 Bb7 14. dxc5 bxc5
15. Qb5 e6 16. Bxb7 Nxb7 17. Rb1 Nd6 18. Qxc5 Rfc8 19. Qb4 a5 20. Qa4 Qc4 21.
Qxc4 Rxc4 22. f3 Ra4 23. Ra1 Nb5 24. Rfc1 Rc8 25. Bd2 Rac4 26. Rc2 Nxc3 27. Bxc3
Rxc3 28. Nxc3 Bxc3 29. Rac1 Bd4+ 30. Kf1 Rb8 31. Rc8+ Rxc8 32. Rxc8+ Kg7 33. Ra8
Bc3 34. Ke2 Kf6 35. Kd3 Bb4 36. Kc4 h5 37. Kb5 Ke5 38. Rxa5 Bxa5 39. Kxa5 f5 40.
exf5 gxf5 41. Kb4 Kd4 42. Kb3 e5 43. Kc2 h4 44. Kd2 f4 45. a4 e4 46. fxe4 Kxe4
47. a5 f3 48. gxf3+ Kxf3 49. a6 Kg2 50. a7 Kxh2 51. a8=Q h3 52. Qf3 {Black
resigns} 1-0